%YAML 1.1
%TAG !u! tag:unity3d.com,2011:
--- !u!1 &8217649773539473328
GameObject:
  m_ObjectHideFlags: 0
  m_CorrespondingSourceObject: {fileID: 0}
  m_PrefabInstance: {fileID: 0}
  m_PrefabAsset: {fileID: 0}
  serializedVersion: 6
  m_Component:
  - component: {fileID: 4027825068999332414}
  m_Layer: 0
  m_Name: PumpkinBed
  m_TagString: Untagged
  m_Icon: {fileID: 0}
  m_NavMeshLayer: 1
  m_StaticEditorFlags: 2147483647
  m_IsActive: 1
--- !u!4 &4027825068999332414
Transform:
  m_ObjectHideFlags: 0
  m_CorrespondingSourceObject: {fileID: 0}
  m_PrefabInstance: {fileID: 0}
  m_PrefabAsset: {fileID: 0}
  m_GameObject: {fileID: 8217649773539473328}
  m_LocalRotation: {x: 0, y: 0, z: 0, w: 1}
  m_LocalPosition: {x: -7.4799995, y: 0, z: -1.8499985}
  m_LocalScale: {x: 1, y: 1, z: 1}
  m_ConstrainProportionsScale: 0
  m_Children:
  - {fileID: 7822452062903745063}
  - {fileID: 6081451004330807594}
  - {fileID: 1681671126392015437}
  - {fileID: 2088273705414814866}
  - {fileID: 7460380387701160207}
  - {fileID: 7136423806642113173}
  - {fileID: 8998805654751849515}
  - {fileID: 5351053224203110692}
  - {fileID: 5722846100788714891}
  - {fileID: 5351053223167820208}
  - {fileID: 5351053224340071071}
  - {fileID: 5351053224304532991}
  - {fileID: 5722846101420519824}
  - {fileID: 5351053224492109644}
  - {fileID: 5351053222825227569}
  - {fileID: 7136423806611743170}
  - {fileID: 7136423806075743556}
  - {fileID: 7136423806048514386}
  - {fileID: 2463281032506378140}
  - {fileID: 2463281031837587852}
  - {fileID: 2463281032501354768}
  - {fileID: 7460380389187481469}
  - {fileID: 7460380389482258960}
  - {fileID: 3920129127158091537}
  - {fileID: 2476865720013910738}
  - {fileID: 8767684384804623708}
  m_Father: {fileID: 0}
  m_RootOrder: 0
  m_LocalEulerAnglesHint: {x: 0, y: 0, z: 0}
--- !u!1001 &5921806957491631192
PrefabInstance:
  m_ObjectHideFlags: 0
  serializedVersion: 2
  m_Modification:
    m_TransformParent: {fileID: 4027825068999332414}
    m_Modifications:
    - target: {fileID: 3135471206497189156, guid: e40a647c8a5199c4c9c9cb749a555fb8, type: 3}
      propertyPath: m_Name
      value: gardenPot09_B
      objectReference: {fileID: 0}
    - target: {fileID: 3135471206497345796, guid: e40a647c8a5199c4c9c9cb749a555fb8, type: 3}
      propertyPath: m_RootOrder
      value: 25
      objectReference: {fileID: 0}
    - target: {fileID: 3135471206497345796, guid: e40a647c8a5199c4c9c9cb749a555fb8, type: 3}
      propertyPath: m_LocalPosition.x
      value: -0.8891983
      objectReference: {fileID: 0}
    - target: {fileID: 3135471206497345796, guid: e40a647c8a5199c4c9c9cb749a555fb8, type: 3}
      propertyPath: m_LocalPosition.y
      value: 0.24300003
      objectReference: {fileID: 0}
    - target: {fileID: 3135471206497345796, guid: e40a647c8a5199c4c9c9cb749a555fb8, type: 3}
      propertyPath: m_LocalPosition.z
      value: -3.522377
      objectReference: {fileID: 0}
    - target: {fileID: 3135471206497345796, guid: e40a647c8a5199c4c9c9cb749a555fb8, type: 3}
      propertyPath: m_LocalRotation.w
      value: 0.9233588
      objectReference: {fileID: 0}
    - target: {fileID: 3135471206497345796, guid: e40a647c8a5199c4c9c9cb749a555fb8, type: 3}
      propertyPath: m_LocalRotation.x
      value: 0.000000005721126
      objectReference: {fileID: 0}
    - target: {fileID: 3135471206497345796, guid: e40a647c8a5199c4c9c9cb749a555fb8, type: 3}
      propertyPath: m_LocalRotation.y
      value: 0.38393825
      objectReference: {fileID: 0}
    - target: {fileID: 3135471206497345796, guid: e40a647c8a5199c4c9c9cb749a555fb8, type: 3}
      propertyPath: m_LocalRotation.z
      value: 0.000000013759118
      objectReference: {fileID: 0}
    - target: {fileID: 3135471206497345796, guid: e40a647c8a5199c4c9c9cb749a555fb8, type: 3}
      propertyPath: m_LocalEulerAnglesHint.x
      value: 0
      objectReference: {fileID: 0}
    - target: {fileID: 3135471206497345796, guid: e40a647c8a5199c4c9c9cb749a555fb8, type: 3}
      propertyPath: m_LocalEulerAnglesHint.y
      value: 45.156002
      objectReference: {fileID: 0}
    - target: {fileID: 3135471206497345796, guid: e40a647c8a5199c4c9c9cb749a555fb8, type: 3}
      propertyPath: m_LocalEulerAnglesHint.z
      value: 0
      objectReference: {fileID: 0}
    m_RemovedComponents: []
  m_SourcePrefab: {fileID: 100100000, guid: e40a647c8a5199c4c9c9cb749a555fb8, type: 3}
--- !u!4 &8767684384804623708 stripped
Transform:
  m_CorrespondingSourceObject: {fileID: 3135471206497345796, guid: e40a647c8a5199c4c9c9cb749a555fb8, type: 3}
  m_PrefabInstance: {fileID: 5921806957491631192}
  m_PrefabAsset: {fileID: 0}
--- !u!1001 &5921806957689705408
PrefabInstance:
  m_ObjectHideFlags: 0
  serializedVersion: 2
  m_Modification:
    m_TransformParent: {fileID: 4027825068999332414}
    m_Modifications:
    - target: {fileID: 3866028440234260207, guid: f45af4be069da2a4e9c216e1c855cac0, type: 3}
      propertyPath: m_Name
      value: plant_cabbage_S1 (20)
      objectReference: {fileID: 0}
    - target: {fileID: 3866028440234260207, guid: f45af4be069da2a4e9c216e1c855cac0, type: 3}
      propertyPath: m_StaticEditorFlags
      value: 2147483647
      objectReference: {fileID: 0}
    - target: {fileID: 3866028440234748623, guid: f45af4be069da2a4e9c216e1c855cac0, type: 3}
      propertyPath: m_RootOrder
      value: 4
      objectReference: {fileID: 0}
    - target: {fileID: 3866028440234748623, guid: f45af4be069da2a4e9c216e1c855cac0, type: 3}
      propertyPath: m_LocalScale.x
      value: 0.24417627
      objectReference: {fileID: 0}
    - target: {fileID: 3866028440234748623, guid: f45af4be069da2a4e9c216e1c855cac0, type: 3}
      propertyPath: m_LocalScale.y
      value: 0.24417612
      objectReference: {fileID: 0}
    - target: {fileID: 3866028440234748623, guid: f45af4be069da2a4e9c216e1c855cac0, type: 3}
      propertyPath: m_LocalScale.z
      value: 0.24417627
      objectReference: {fileID: 0}
    - target: {fileID: 3866028440234748623, guid: f45af4be069da2a4e9c216e1c855cac0, type: 3}
      propertyPath: m_LocalPosition.x
      value: -0.44129562
      objectReference: {fileID: 0}
    - target: {fileID: 3866028440234748623, guid: f45af4be069da2a4e9c216e1c855cac0, type: 3}
      propertyPath: m_LocalPosition.y
      value: 0.3030001
      objectReference: {fileID: 0}
    - target: {fileID: 3866028440234748623, guid: f45af4be069da2a4e9c216e1c855cac0, type: 3}
      propertyPath: m_LocalPosition.z
      value: -3.6753998
      objectReference: {fileID: 0}
    - target: {fileID: 3866028440234748623, guid: f45af4be069da2a4e9c216e1c855cac0, type: 3}
      propertyPath: m_LocalRotation.w
      value: 0.78186893
      objectReference: {fileID: 0}
    - target: {fileID: 3866028440234748623, guid: f45af4be069da2a4e9c216e1c855cac0, type: 3}
      propertyPath: m_LocalRotation.x
      value: -0
      objectReference: {fileID: 0}
    - target: {fileID: 3866028440234748623, guid: f45af4be069da2a4e9c216e1c855cac0, type: 3}
      propertyPath: m_LocalRotation.y
      value: -0.6234429
      objectReference: {fileID: 0}
    - target: {fileID: 3866028440234748623, guid: f45af4be069da2a4e9c216e1c855cac0, type: 3}
      propertyPath: m_LocalRotation.z
      value: -0
      objectReference: {fileID: 0}
    - target: {fileID: 3866028440234748623, guid: f45af4be069da2a4e9c216e1c855cac0, type: 3}
      propertyPath: m_LocalEulerAnglesHint.x
      value: 0
      objectReference: {fileID: 0}
    - target: {fileID: 3866028440234748623, guid: f45af4be069da2a4e9c216e1c855cac0, type: 3}
      propertyPath: m_LocalEulerAnglesHint.y
      value: -77.136
      objectReference: {fileID: 0}
    - target: {fileID: 3866028440234748623, guid: f45af4be069da2a4e9c216e1c855cac0, type: 3}
      propertyPath: m_LocalEulerAnglesHint.z
      value: 0
      objectReference: {fileID: 0}
    m_RemovedComponents: []
  m_SourcePrefab: {fileID: 100100000, guid: f45af4be069da2a4e9c216e1c855cac0, type: 3}
--- !u!4 &7460380387701160207 stripped
Transform:
  m_CorrespondingSourceObject: {fileID: 3866028440234748623, guid: f45af4be069da2a4e9c216e1c855cac0, type: 3}
  m_PrefabInstance: {fileID: 5921806957689705408}
  m_PrefabAsset: {fileID: 0}
--- !u!1001 &5921806957985154065
PrefabInstance:
  m_ObjectHideFlags: 0
  serializedVersion: 2
  m_Modification:
    m_TransformParent: {fileID: 4027825068999332414}
    m_Modifications:
    - target: {fileID: 100002, guid: c075773a0ce65774192e7ca3e62361dc, type: 3}
      propertyPath: m_StaticEditorFlags
      value: 2147483647
      objectReference: {fileID: 0}
    - target: {fileID: 1759991026519421216, guid: c075773a0ce65774192e7ca3e62361dc, type: 3}
      propertyPath: m_RootOrder
      value: 14
      objectReference: {fileID: 0}
    - target: {fileID: 1759991026519421216, guid: c075773a0ce65774192e7ca3e62361dc, type: 3}
      propertyPath: m_LocalPosition.x
      value: 0.62399673
      objectReference: {fileID: 0}
    - target: {fileID: 1759991026519421216, guid: c075773a0ce65774192e7ca3e62361dc, type: 3}
      propertyPath: m_LocalPosition.y
      value: -0.093
      objectReference: {fileID: 0}
    - target: {fileID: 1759991026519421216, guid: c075773a0ce65774192e7ca3e62361dc, type: 3}
      propertyPath: m_LocalPosition.z
      value: 2.3919754
      objectReference: {fileID: 0}
    - target: {fileID: 1759991026519421216, guid: c075773a0ce65774192e7ca3e62361dc, type: 3}
      propertyPath: m_LocalRotation.w
      value: -0.5517484
      objectReference: {fileID: 0}
    - target: {fileID: 1759991026519421216, guid: c075773a0ce65774192e7ca3e62361dc, type: 3}
      propertyPath: m_LocalRotation.x
      value: 0.35206547
      objectReference: {fileID: 0}
    - target: {fileID: 1759991026519421216, guid: c075773a0ce65774192e7ca3e62361dc, type: 3}
      propertyPath: m_LocalRotation.y
      value: 0.69475687
      objectReference: {fileID: 0}
    - target: {fileID: 1759991026519421216, guid: c075773a0ce65774192e7ca3e62361dc, type: 3}
      propertyPath: m_LocalRotation.z
      value: 0.2982223
      objectReference: {fileID: 0}
    - target: {fileID: 1759991026519421216, guid: c075773a0ce65774192e7ca3e62361dc, type: 3}
      propertyPath: m_LocalEulerAnglesHint.x
      value: -53.407
      objectReference: {fileID: 0}
    - target: {fileID: 1759991026519421216, guid: c075773a0ce65774192e7ca3e62361dc, type: 3}
      propertyPath: m_LocalEulerAnglesHint.y
      value: 249.03699
      objectReference: {fileID: 0}
    - target: {fileID: 1759991026519421216, guid: c075773a0ce65774192e7ca3e62361dc, type: 3}
      propertyPath: m_LocalEulerAnglesHint.z
      value: 15.580001
      objectReference: {fileID: 0}
    - target: {fileID: 1759991026519846144, guid: c075773a0ce65774192e7ca3e62361dc, type: 3}
      propertyPath: m_Name
      value: plant_pumpkin_S3 (9)
      objectReference: {fileID: 0}
    - target: {fileID: 1759991026519846144, guid: c075773a0ce65774192e7ca3e62361dc, type: 3}
      propertyPath: m_StaticEditorFlags
      value: 2147483647
      objectReference: {fileID: 0}
    m_RemovedComponents: []
  m_SourcePrefab: {fileID: 100100000, guid: c075773a0ce65774192e7ca3e62361dc, type: 3}
--- !u!4 &5351053222825227569 stripped
Transform:
  m_CorrespondingSourceObject: {fileID: 1759991026519421216, guid: c075773a0ce65774192e7ca3e62361dc, type: 3}
  m_PrefabInstance: {fileID: 5921806957985154065}
  m_PrefabAsset: {fileID: 0}
--- !u!1001 &5921806958021515905
PrefabInstance:
  m_ObjectHideFlags: 0
  serializedVersion: 2
  m_Modification:
    m_TransformParent: {fileID: 4027825068999332414}
    m_Modifications:
    - target: {fileID: 3542036756704775220, guid: ff7669bc2808c7e44b82fe237a198b04, type: 3}
      propertyPath: m_Name
      value: plant_pumpkin (2)
      objectReference: {fileID: 0}
    - target: {fileID: 3542036756704775220, guid: ff7669bc2808c7e44b82fe237a198b04, type: 3}
      propertyPath: m_StaticEditorFlags
      value: 2147483647
      objectReference: {fileID: 0}
    - target: {fileID: 3542036756704808980, guid: ff7669bc2808c7e44b82fe237a198b04, type: 3}
      propertyPath: m_RootOrder
      value: 5
      objectReference: {fileID: 0}
    - target: {fileID: 3542036756704808980, guid: ff7669bc2808c7e44b82fe237a198b04, type: 3}
      propertyPath: m_LocalPosition.x
      value: -0.7605591
      objectReference: {fileID: 0}
    - target: {fileID: 3542036756704808980, guid: ff7669bc2808c7e44b82fe237a198b04, type: 3}
      propertyPath: m_LocalPosition.y
      value: -0.009999993
      objectReference: {fileID: 0}
    - target: {fileID: 3542036756704808980, guid: ff7669bc2808c7e44b82fe237a198b04, type: 3}
      propertyPath: m_LocalPosition.z
      value: 0.5739746
      objectReference: {fileID: 0}
    - target: {fileID: 3542036756704808980, guid: ff7669bc2808c7e44b82fe237a198b04, type: 3}
      propertyPath: m_LocalRotation.w
      value: 1
      objectReference: {fileID: 0}
    - target: {fileID: 3542036756704808980, guid: ff7669bc2808c7e44b82fe237a198b04, type: 3}
      propertyPath: m_LocalRotation.x
      value: -0
      objectReference: {fileID: 0}
    - target: {fileID: 3542036756704808980, guid: ff7669bc2808c7e44b82fe237a198b04, type: 3}
      propertyPath: m_LocalRotation.y
      value: -0
      objectReference: {fileID: 0}
    - target: {fileID: 3542036756704808980, guid: ff7669bc2808c7e44b82fe237a198b04, type: 3}
      propertyPath: m_LocalRotation.z
      value: -0
      objectReference: {fileID: 0}
    - target: {fileID: 3542036756704808980, guid: ff7669bc2808c7e44b82fe237a198b04, type: 3}
      propertyPath: m_LocalEulerAnglesHint.x
      value: 0
      objectReference: {fileID: 0}
    - target: {fileID: 3542036756704808980, guid: ff7669bc2808c7e44b82fe237a198b04, type: 3}
      propertyPath: m_LocalEulerAnglesHint.y
      value: 0
      objectReference: {fileID: 0}
    - target: {fileID: 3542036756704808980, guid: ff7669bc2808c7e44b82fe237a198b04, type: 3}
      propertyPath: m_LocalEulerAnglesHint.z
      value: 0
      objectReference: {fileID: 0}
    m_RemovedComponents: []
  m_SourcePrefab: {fileID: 100100000, guid: ff7669bc2808c7e44b82fe237a198b04, type: 3}
--- !u!4 &7136423806642113173 stripped
Transform:
  m_CorrespondingSourceObject: {fileID: 3542036756704808980, guid: ff7669bc2808c7e44b82fe237a198b04, type: 3}
  m_PrefabInstance: {fileID: 5921806958021515905}
  m_PrefabAsset: {fileID: 0}
--- !u!1001 &5921806958178873488
PrefabInstance:
  m_ObjectHideFlags: 0
  serializedVersion: 2
  m_Modification:
    m_TransformParent: {fileID: 4027825068999332414}
    m_Modifications:
    - target: {fileID: 100002, guid: c075773a0ce65774192e7ca3e62361dc, type: 3}
      propertyPath: m_StaticEditorFlags
      value: 2147483647
      objectReference: {fileID: 0}
    - target: {fileID: 1759991026519421216, guid: c075773a0ce65774192e7ca3e62361dc, type: 3}
      propertyPath: m_RootOrder
      value: 9
      objectReference: {fileID: 0}
    - target: {fileID: 1759991026519421216, guid: c075773a0ce65774192e7ca3e62361dc, type: 3}
      propertyPath: m_LocalPosition.x
      value: 0.20699692
      objectReference: {fileID: 0}
    - target: {fileID: 1759991026519421216, guid: c075773a0ce65774192e7ca3e62361dc, type: 3}
      propertyPath: m_LocalPosition.y
      value: 0.156
      objectReference: {fileID: 0}
    - target: {fileID: 1759991026519421216, guid: c075773a0ce65774192e7ca3e62361dc, type: 3}
      propertyPath: m_LocalPosition.z
      value: 1.0769806
      objectReference: {fileID: 0}
    - target: {fileID: 1759991026519421216, guid: c075773a0ce65774192e7ca3e62361dc, type: 3}
      propertyPath: m_LocalRotation.w
      value: 0.029701374
      objectReference: {fileID: 0}
    - target: {fileID: 1759991026519421216, guid: c075773a0ce65774192e7ca3e62361dc, type: 3}
      propertyPath: m_LocalRotation.x
      value: -0
      objectReference: {fileID: 0}
    - target: {fileID: 1759991026519421216, guid: c075773a0ce65774192e7ca3e62361dc, type: 3}
      propertyPath: m_LocalRotation.y
      value: 0.99955887
      objectReference: {fileID: 0}
    - target: {fileID: 1759991026519421216, guid: c075773a0ce65774192e7ca3e62361dc, type: 3}
      propertyPath: m_LocalRotation.z
      value: -0
      objectReference: {fileID: 0}
    - target: {fileID: 1759991026519421216, guid: c075773a0ce65774192e7ca3e62361dc, type: 3}
      propertyPath: m_LocalEulerAnglesHint.x
      value: 0
      objectReference: {fileID: 0}
    - target: {fileID: 1759991026519421216, guid: c075773a0ce65774192e7ca3e62361dc, type: 3}
      propertyPath: m_LocalEulerAnglesHint.y
      value: 176.59601
      objectReference: {fileID: 0}
    - target: {fileID: 1759991026519421216, guid: c075773a0ce65774192e7ca3e62361dc, type: 3}
      propertyPath: m_LocalEulerAnglesHint.z
      value: 0
      objectReference: {fileID: 0}
    - target: {fileID: 1759991026519846144, guid: c075773a0ce65774192e7ca3e62361dc, type: 3}
      propertyPath: m_Name
      value: plant_pumpkin_S3 (1)
      objectReference: {fileID: 0}
    - target: {fileID: 1759991026519846144, guid: c075773a0ce65774192e7ca3e62361dc, type: 3}
      propertyPath: m_StaticEditorFlags
      value: 2147483647
      objectReference: {fileID: 0}
    m_RemovedComponents: []
  m_SourcePrefab: {fileID: 100100000, guid: c075773a0ce65774192e7ca3e62361dc, type: 3}
--- !u!4 &5351053223167820208 stripped
Transform:
  m_CorrespondingSourceObject: {fileID: 1759991026519421216, guid: c075773a0ce65774192e7ca3e62361dc, type: 3}
  m_PrefabInstance: {fileID: 5921806958178873488}
  m_PrefabAsset: {fileID: 0}
--- !u!1001 &5921806958222941130
PrefabInstance:
  m_ObjectHideFlags: 0
  serializedVersion: 2
  m_Modification:
    m_TransformParent: {fileID: 4027825068999332414}
    m_Modifications:
    - target: {fileID: 4512768151715397069, guid: 149fa5a0191f0f446971d1e2b35d2802, type: 3}
      propertyPath: m_Name
      value: soil_3m_mid (2)
      objectReference: {fileID: 0}
    - target: {fileID: 4512768151715750381, guid: 149fa5a0191f0f446971d1e2b35d2802, type: 3}
      propertyPath: m_RootOrder
      value: 0
      objectReference: {fileID: 0}
    - target: {fileID: 4512768151715750381, guid: 149fa5a0191f0f446971d1e2b35d2802, type: 3}
      propertyPath: m_LocalPosition.x
      value: 0.0399971
      objectReference: {fileID: 0}
    - target: {fileID: 4512768151715750381, guid: 149fa5a0191f0f446971d1e2b35d2802, type: 3}
      propertyPath: m_LocalPosition.y
      value: -0.01
      objectReference: {fileID: 0}
    - target: {fileID: 4512768151715750381, guid: 149fa5a0191f0f446971d1e2b35d2802, type: 3}
      propertyPath: m_LocalPosition.z
      value: 1.9300003
      objectReference: {fileID: 0}
    - target: {fileID: 4512768151715750381, guid: 149fa5a0191f0f446971d1e2b35d2802, type: 3}
      propertyPath: m_LocalRotation.w
      value: 0.00000041723246
      objectReference: {fileID: 0}
    - target: {fileID: 4512768151715750381, guid: 149fa5a0191f0f446971d1e2b35d2802, type: 3}
      propertyPath: m_LocalRotation.x
      value: 0.000000014901163
      objectReference: {fileID: 0}
    - target: {fileID: 4512768151715750381, guid: 149fa5a0191f0f446971d1e2b35d2802, type: 3}
      propertyPath: m_LocalRotation.y
      value: 1
      objectReference: {fileID: 0}
    - target: {fileID: 4512768151715750381, guid: 149fa5a0191f0f446971d1e2b35d2802, type: 3}
      propertyPath: m_LocalRotation.z
      value: 7.1054265e-15
      objectReference: {fileID: 0}
    - target: {fileID: 4512768151715750381, guid: 149fa5a0191f0f446971d1e2b35d2802, type: 3}
      propertyPath: m_LocalEulerAnglesHint.x
      value: 0
      objectReference: {fileID: 0}
    - target: {fileID: 4512768151715750381, guid: 149fa5a0191f0f446971d1e2b35d2802, type: 3}
      propertyPath: m_LocalEulerAnglesHint.y
      value: 180.00002
      objectReference: {fileID: 0}
    - target: {fileID: 4512768151715750381, guid: 149fa5a0191f0f446971d1e2b35d2802, type: 3}
      propertyPath: m_LocalEulerAnglesHint.z
      value: 0
      objectReference: {fileID: 0}
    m_RemovedComponents: []
  m_SourcePrefab: {fileID: 100100000, guid: 149fa5a0191f0f446971d1e2b35d2802, type: 3}
--- !u!4 &7822452062903745063 stripped
Transform:
  m_CorrespondingSourceObject: {fileID: 4512768151715750381, guid: 149fa5a0191f0f446971d1e2b35d2802, type: 3}
  m_PrefabInstance: {fileID: 5921806958222941130}
  m_PrefabAsset: {fileID: 0}
--- !u!1001 &5921806958241542136
PrefabInstance:
  m_ObjectHideFlags: 0
  serializedVersion: 2
  m_Modification:
    m_TransformParent: {fileID: 4027825068999332414}
    m_Modifications:
    - target: {fileID: 8070777095303459908, guid: 7b10f0ee64fd9054e8f12faf0fcd63d2, type: 3}
      propertyPath: m_Name
      value: plant_onion_S1 (45)
      objectReference: {fileID: 0}
    - target: {fileID: 8070777095303459908, guid: 7b10f0ee64fd9054e8f12faf0fcd63d2, type: 3}
      propertyPath: m_StaticEditorFlags
      value: 2147483647
      objectReference: {fileID: 0}
    - target: {fileID: 8070777095303489636, guid: 7b10f0ee64fd9054e8f12faf0fcd63d2, type: 3}
      propertyPath: m_RootOrder
      value: 18
      objectReference: {fileID: 0}
    - target: {fileID: 8070777095303489636, guid: 7b10f0ee64fd9054e8f12faf0fcd63d2, type: 3}
      propertyPath: m_LocalScale.x
      value: 0.31356308
      objectReference: {fileID: 0}
    - target: {fileID: 8070777095303489636, guid: 7b10f0ee64fd9054e8f12faf0fcd63d2, type: 3}
      propertyPath: m_LocalScale.y
      value: 0.31356302
      objectReference: {fileID: 0}
    - target: {fileID: 8070777095303489636, guid: 7b10f0ee64fd9054e8f12faf0fcd63d2, type: 3}
      propertyPath: m_LocalScale.z
      value: 0.31356308
      objectReference: {fileID: 0}
    - target: {fileID: 8070777095303489636, guid: 7b10f0ee64fd9054e8f12faf0fcd63d2, type: 3}
      propertyPath: m_LocalPosition.x
      value: -0.807003
      objectReference: {fileID: 0}
    - target: {fileID: 8070777095303489636, guid: 7b10f0ee64fd9054e8f12faf0fcd63d2, type: 3}
      propertyPath: m_LocalPosition.y
      value: 0.30300006
      objectReference: {fileID: 0}
    - target: {fileID: 8070777095303489636, guid: 7b10f0ee64fd9054e8f12faf0fcd63d2, type: 3}
      propertyPath: m_LocalPosition.z
      value: -3.5560226
      objectReference: {fileID: 0}
    - target: {fileID: 8070777095303489636, guid: 7b10f0ee64fd9054e8f12faf0fcd63d2, type: 3}
      propertyPath: m_LocalRotation.w
      value: 0.9013605
      objectReference: {fileID: 0}
    - target: {fileID: 8070777095303489636, guid: 7b10f0ee64fd9054e8f12faf0fcd63d2, type: 3}
      propertyPath: m_LocalRotation.x
      value: -0
      objectReference: {fileID: 0}
    - target: {fileID: 8070777095303489636, guid: 7b10f0ee64fd9054e8f12faf0fcd63d2, type: 3}
      propertyPath: m_LocalRotation.y
      value: -0.4330696
      objectReference: {fileID: 0}
    - target: {fileID: 8070777095303489636, guid: 7b10f0ee64fd9054e8f12faf0fcd63d2, type: 3}
      propertyPath: m_LocalRotation.z
      value: -0
      objectReference: {fileID: 0}
    - target: {fileID: 8070777095303489636, guid: 7b10f0ee64fd9054e8f12faf0fcd63d2, type: 3}
      propertyPath: m_LocalEulerAnglesHint.x
      value: 0
      objectReference: {fileID: 0}
    - target: {fileID: 8070777095303489636, guid: 7b10f0ee64fd9054e8f12faf0fcd63d2, type: 3}
      propertyPath: m_LocalEulerAnglesHint.y
      value: -51.325
      objectReference: {fileID: 0}
    - target: {fileID: 8070777095303489636, guid: 7b10f0ee64fd9054e8f12faf0fcd63d2, type: 3}
      propertyPath: m_LocalEulerAnglesHint.z
      value: 0
      objectReference: {fileID: 0}
    m_RemovedComponents: []
  m_SourcePrefab: {fileID: 100100000, guid: 7b10f0ee64fd9054e8f12faf0fcd63d2, type: 3}
--- !u!4 &2463281032506378140 stripped
Transform:
  m_CorrespondingSourceObject: {fileID: 8070777095303489636, guid: 7b10f0ee64fd9054e8f12faf0fcd63d2, type: 3}
  m_PrefabInstance: {fileID: 5921806958241542136}
  m_PrefabAsset: {fileID: 0}
--- !u!1001 &5921806958249052532
PrefabInstance:
  m_ObjectHideFlags: 0
  serializedVersion: 2
  m_Modification:
    m_TransformParent: {fileID: 4027825068999332414}
    m_Modifications:
    - target: {fileID: 8070777095303459908, guid: 7b10f0ee64fd9054e8f12faf0fcd63d2, type: 3}
      propertyPath: m_Name
      value: plant_onion_S1 (51)
      objectReference: {fileID: 0}
    - target: {fileID: 8070777095303459908, guid: 7b10f0ee64fd9054e8f12faf0fcd63d2, type: 3}
      propertyPath: m_StaticEditorFlags
      value: 2147483647
      objectReference: {fileID: 0}
    - target: {fileID: 8070777095303489636, guid: 7b10f0ee64fd9054e8f12faf0fcd63d2, type: 3}
      propertyPath: m_RootOrder
      value: 20
      objectReference: {fileID: 0}
    - target: {fileID: 8070777095303489636, guid: 7b10f0ee64fd9054e8f12faf0fcd63d2, type: 3}
      propertyPath: m_LocalScale.x
      value: 0.31356308
      objectReference: {fileID: 0}
    - target: {fileID: 8070777095303489636, guid: 7b10f0ee64fd9054e8f12faf0fcd63d2, type: 3}
      propertyPath: m_LocalScale.y
      value: 0.31356302
      objectReference: {fileID: 0}
    - target: {fileID: 8070777095303489636, guid: 7b10f0ee64fd9054e8f12faf0fcd63d2, type: 3}
      propertyPath: m_LocalScale.z
      value: 0.31356308
      objectReference: {fileID: 0}
    - target: {fileID: 8070777095303489636, guid: 7b10f0ee64fd9054e8f12faf0fcd63d2, type: 3}
      propertyPath: m_LocalPosition.x
      value: -0.8518944
      objectReference: {fileID: 0}
    - target: {fileID: 8070777095303489636, guid: 7b10f0ee64fd9054e8f12faf0fcd63d2, type: 3}
      propertyPath: m_LocalPosition.y
      value: 0.30300006
      objectReference: {fileID: 0}
    - target: {fileID: 8070777095303489636, guid: 7b10f0ee64fd9054e8f12faf0fcd63d2, type: 3}
      propertyPath: m_LocalPosition.z
      value: -3.518814
      objectReference: {fileID: 0}
    - target: {fileID: 8070777095303489636, guid: 7b10f0ee64fd9054e8f12faf0fcd63d2, type: 3}
      propertyPath: m_LocalRotation.w
      value: 0.9013605
      objectReference: {fileID: 0}
    - target: {fileID: 8070777095303489636, guid: 7b10f0ee64fd9054e8f12faf0fcd63d2, type: 3}
      propertyPath: m_LocalRotation.x
      value: -0
      objectReference: {fileID: 0}
    - target: {fileID: 8070777095303489636, guid: 7b10f0ee64fd9054e8f12faf0fcd63d2, type: 3}
      propertyPath: m_LocalRotation.y
      value: -0.4330696
      objectReference: {fileID: 0}
    - target: {fileID: 8070777095303489636, guid: 7b10f0ee64fd9054e8f12faf0fcd63d2, type: 3}
      propertyPath: m_LocalRotation.z
      value: -0
      objectReference: {fileID: 0}
    - target: {fileID: 8070777095303489636, guid: 7b10f0ee64fd9054e8f12faf0fcd63d2, type: 3}
      propertyPath: m_LocalEulerAnglesHint.x
      value: 0
      objectReference: {fileID: 0}
    - target: {fileID: 8070777095303489636, guid: 7b10f0ee64fd9054e8f12faf0fcd63d2, type: 3}
      propertyPath: m_LocalEulerAnglesHint.y
      value: -51.325
      objectReference: {fileID: 0}
    - target: {fileID: 8070777095303489636, guid: 7b10f0ee64fd9054e8f12faf0fcd63d2, type: 3}
      propertyPath: m_LocalEulerAnglesHint.z
      value: 0
      objectReference: {fileID: 0}
    m_RemovedComponents: []
  m_SourcePrefab: {fileID: 100100000, guid: 7b10f0ee64fd9054e8f12faf0fcd63d2, type: 3}
--- !u!4 &2463281032501354768 stripped
Transform:
  m_CorrespondingSourceObject: {fileID: 8070777095303489636, guid: 7b10f0ee64fd9054e8f12faf0fcd63d2, type: 3}
  m_PrefabInstance: {fileID: 5921806958249052532}
  m_PrefabAsset: {fileID: 0}
--- !u!1001 &5921806958259581398
PrefabInstance:
  m_ObjectHideFlags: 0
  serializedVersion: 2
  m_Modification:
    m_TransformParent: {fileID: 4027825068999332414}
    m_Modifications:
    - target: {fileID: 3542036756704775220, guid: ff7669bc2808c7e44b82fe237a198b04, type: 3}
      propertyPath: m_Name
      value: plant_pumpkin (3)
      objectReference: {fileID: 0}
    - target: {fileID: 3542036756704775220, guid: ff7669bc2808c7e44b82fe237a198b04, type: 3}
      propertyPath: m_StaticEditorFlags
      value: 2147483647
      objectReference: {fileID: 0}
    - target: {fileID: 3542036756704808980, guid: ff7669bc2808c7e44b82fe237a198b04, type: 3}
      propertyPath: m_RootOrder
      value: 15
      objectReference: {fileID: 0}
    - target: {fileID: 3542036756704808980, guid: ff7669bc2808c7e44b82fe237a198b04, type: 3}
      propertyPath: m_LocalPosition.x
      value: -0.9856262
      objectReference: {fileID: 0}
    - target: {fileID: 3542036756704808980, guid: ff7669bc2808c7e44b82fe237a198b04, type: 3}
      propertyPath: m_LocalPosition.y
      value: 0.179425
      objectReference: {fileID: 0}
    - target: {fileID: 3542036756704808980, guid: ff7669bc2808c7e44b82fe237a198b04, type: 3}
      propertyPath: m_LocalPosition.z
      value: 0.9636078
      objectReference: {fileID: 0}
    - target: {fileID: 3542036756704808980, guid: ff7669bc2808c7e44b82fe237a198b04, type: 3}
      propertyPath: m_LocalRotation.w
      value: 0.24584684
      objectReference: {fileID: 0}
    - target: {fileID: 3542036756704808980, guid: ff7669bc2808c7e44b82fe237a198b04, type: 3}
      propertyPath: m_LocalRotation.x
      value: 0.85645866
      objectReference: {fileID: 0}
    - target: {fileID: 3542036756704808980, guid: ff7669bc2808c7e44b82fe237a198b04, type: 3}
      propertyPath: m_LocalRotation.y
      value: 0.115151726
      objectReference: {fileID: 0}
    - target: {fileID: 3542036756704808980, guid: ff7669bc2808c7e44b82fe237a198b04, type: 3}
      propertyPath: m_LocalRotation.z
      value: 0.43906486
      objectReference: {fileID: 0}
    - target: {fileID: 3542036756704808980, guid: ff7669bc2808c7e44b82fe237a198b04, type: 3}
      propertyPath: m_LocalEulerAnglesHint.x
      value: 0
      objectReference: {fileID: 0}
    - target: {fileID: 3542036756704808980, guid: ff7669bc2808c7e44b82fe237a198b04, type: 3}
      propertyPath: m_LocalEulerAnglesHint.y
      value: 0
      objectReference: {fileID: 0}
    - target: {fileID: 3542036756704808980, guid: ff7669bc2808c7e44b82fe237a198b04, type: 3}
      propertyPath: m_LocalEulerAnglesHint.z
      value: 0
      objectReference: {fileID: 0}
    m_RemovedComponents: []
  m_SourcePrefab: {fileID: 100100000, guid: ff7669bc2808c7e44b82fe237a198b04, type: 3}
--- !u!4 &7136423806611743170 stripped
Transform:
  m_CorrespondingSourceObject: {fileID: 3542036756704808980, guid: ff7669bc2808c7e44b82fe237a198b04, type: 3}
  m_PrefabInstance: {fileID: 5921806958259581398}
  m_PrefabAsset: {fileID: 0}
--- !u!1001 &5921806958283537270
PrefabInstance:
  m_ObjectHideFlags: 0
  serializedVersion: 2
  m_Modification:
    m_TransformParent: {fileID: 4027825068999332414}
    m_Modifications:
    - target: {fileID: 2109336336410020582, guid: 9e8169dc2b7574742a11b82a25c0c2b0, type: 3}
      propertyPath: m_RootOrder
      value: 12
      objectReference: {fileID: 0}
    - target: {fileID: 2109336336410020582, guid: 9e8169dc2b7574742a11b82a25c0c2b0, type: 3}
      propertyPath: m_LocalPosition.x
      value: 0.06799698
      objectReference: {fileID: 0}
    - target: {fileID: 2109336336410020582, guid: 9e8169dc2b7574742a11b82a25c0c2b0, type: 3}
      propertyPath: m_LocalPosition.y
      value: 0.163
      objectReference: {fileID: 0}
    - target: {fileID: 2109336336410020582, guid: 9e8169dc2b7574742a11b82a25c0c2b0, type: 3}
      propertyPath: m_LocalPosition.z
      value: -0.99500275
      objectReference: {fileID: 0}
    - target: {fileID: 2109336336410020582, guid: 9e8169dc2b7574742a11b82a25c0c2b0, type: 3}
      propertyPath: m_LocalRotation.w
      value: 0.9848208
      objectReference: {fileID: 0}
    - target: {fileID: 2109336336410020582, guid: 9e8169dc2b7574742a11b82a25c0c2b0, type: 3}
      propertyPath: m_LocalRotation.x
      value: -0.013239209
      objectReference: {fileID: 0}
    - target: {fileID: 2109336336410020582, guid: 9e8169dc2b7574742a11b82a25c0c2b0, type: 3}
      propertyPath: m_LocalRotation.y
      value: 0.08722243
      objectReference: {fileID: 0}
    - target: {fileID: 2109336336410020582, guid: 9e8169dc2b7574742a11b82a25c0c2b0, type: 3}
      propertyPath: m_LocalRotation.z
      value: -0.14948267
      objectReference: {fileID: 0}
    - target: {fileID: 2109336336410020582, guid: 9e8169dc2b7574742a11b82a25c0c2b0, type: 3}
      propertyPath: m_LocalEulerAnglesHint.x
      value: 0
      objectReference: {fileID: 0}
    - target: {fileID: 2109336336410020582, guid: 9e8169dc2b7574742a11b82a25c0c2b0, type: 3}
      propertyPath: m_LocalEulerAnglesHint.y
      value: 10.123
      objectReference: {fileID: 0}
    - target: {fileID: 2109336336410020582, guid: 9e8169dc2b7574742a11b82a25c0c2b0, type: 3}
      propertyPath: m_LocalEulerAnglesHint.z
      value: -17.262001
      objectReference: {fileID: 0}
    - target: {fileID: 2109336336410121926, guid: 9e8169dc2b7574742a11b82a25c0c2b0, type: 3}
      propertyPath: m_Name
      value: plant_pumpkin_S2 (1)
      objectReference: {fileID: 0}
    - target: {fileID: 2109336336410121926, guid: 9e8169dc2b7574742a11b82a25c0c2b0, type: 3}
      propertyPath: m_StaticEditorFlags
      value: 2147483647
      objectReference: {fileID: 0}
    m_RemovedComponents: []
  m_SourcePrefab: {fileID: 100100000, guid: 9e8169dc2b7574742a11b82a25c0c2b0, type: 3}
--- !u!4 &5722846101420519824 stripped
Transform:
  m_CorrespondingSourceObject: {fileID: 2109336336410020582, guid: 9e8169dc2b7574742a11b82a25c0c2b0, type: 3}
  m_PrefabInstance: {fileID: 5921806958283537270}
  m_PrefabAsset: {fileID: 0}
--- !u!1001 &5921806958334524290
PrefabInstance:
  m_ObjectHideFlags: 0
  serializedVersion: 2
  m_Modification:
    m_TransformParent: {fileID: 4027825068999332414}
    m_Modifications:
    - target: {fileID: 453697504578611880, guid: 697426f2cb85e5e4589dbdf53e0b80e7, type: 3}
      propertyPath: m_RootOrder
      value: 1
      objectReference: {fileID: 0}
    - target: {fileID: 453697504578611880, guid: 697426f2cb85e5e4589dbdf53e0b80e7, type: 3}
      propertyPath: m_LocalPosition.x
      value: 0.0399971
      objectReference: {fileID: 0}
    - target: {fileID: 453697504578611880, guid: 697426f2cb85e5e4589dbdf53e0b80e7, type: 3}
      propertyPath: m_LocalPosition.y
      value: -0.009999993
      objectReference: {fileID: 0}
    - target: {fileID: 453697504578611880, guid: 697426f2cb85e5e4589dbdf53e0b80e7, type: 3}
      propertyPath: m_LocalPosition.z
      value: -1.0700073
      objectReference: {fileID: 0}
    - target: {fileID: 453697504578611880, guid: 697426f2cb85e5e4589dbdf53e0b80e7, type: 3}
      propertyPath: m_LocalRotation.w
      value: 0.00000041723246
      objectReference: {fileID: 0}
    - target: {fileID: 453697504578611880, guid: 697426f2cb85e5e4589dbdf53e0b80e7, type: 3}
      propertyPath: m_LocalRotation.x
      value: 0.000000014901163
      objectReference: {fileID: 0}
    - target: {fileID: 453697504578611880, guid: 697426f2cb85e5e4589dbdf53e0b80e7, type: 3}
      propertyPath: m_LocalRotation.y
      value: 1
      objectReference: {fileID: 0}
    - target: {fileID: 453697504578611880, guid: 697426f2cb85e5e4589dbdf53e0b80e7, type: 3}
      propertyPath: m_LocalRotation.z
      value: 7.1054265e-15
      objectReference: {fileID: 0}
    - target: {fileID: 453697504578611880, guid: 697426f2cb85e5e4589dbdf53e0b80e7, type: 3}
      propertyPath: m_LocalEulerAnglesHint.x
      value: 0
      objectReference: {fileID: 0}
    - target: {fileID: 453697504578611880, guid: 697426f2cb85e5e4589dbdf53e0b80e7, type: 3}
      propertyPath: m_LocalEulerAnglesHint.y
      value: 180.00002
      objectReference: {fileID: 0}
    - target: {fileID: 453697504578611880, guid: 697426f2cb85e5e4589dbdf53e0b80e7, type: 3}
      propertyPath: m_LocalEulerAnglesHint.z
      value: 0
      objectReference: {fileID: 0}
    - target: {fileID: 453697504578647688, guid: 697426f2cb85e5e4589dbdf53e0b80e7, type: 3}
      propertyPath: m_Name
      value: soil_3m_endR (2)
      objectReference: {fileID: 0}
    m_RemovedComponents: []
  m_SourcePrefab: {fileID: 100100000, guid: 697426f2cb85e5e4589dbdf53e0b80e7, type: 3}
--- !u!4 &6081451004330807594 stripped
Transform:
  m_CorrespondingSourceObject: {fileID: 453697504578611880, guid: 697426f2cb85e5e4589dbdf53e0b80e7, type: 3}
  m_PrefabInstance: {fileID: 5921806958334524290}
  m_PrefabAsset: {fileID: 0}
--- !u!1001 &5921806958642295272
PrefabInstance:
  m_ObjectHideFlags: 0
  serializedVersion: 2
  m_Modification:
    m_TransformParent: {fileID: 4027825068999332414}
    m_Modifications:
    - target: {fileID: 8070777095303459908, guid: 7b10f0ee64fd9054e8f12faf0fcd63d2, type: 3}
      propertyPath: m_Name
      value: plant_onion_S1 (50)
      objectReference: {fileID: 0}
    - target: {fileID: 8070777095303459908, guid: 7b10f0ee64fd9054e8f12faf0fcd63d2, type: 3}
      propertyPath: m_StaticEditorFlags
      value: 2147483647
      objectReference: {fileID: 0}
    - target: {fileID: 8070777095303489636, guid: 7b10f0ee64fd9054e8f12faf0fcd63d2, type: 3}
      propertyPath: m_RootOrder
      value: 19
      objectReference: {fileID: 0}
    - target: {fileID: 8070777095303489636, guid: 7b10f0ee64fd9054e8f12faf0fcd63d2, type: 3}
      propertyPath: m_LocalScale.x
      value: 0.31356308
      objectReference: {fileID: 0}
    - target: {fileID: 8070777095303489636, guid: 7b10f0ee64fd9054e8f12faf0fcd63d2, type: 3}
      propertyPath: m_LocalScale.y
      value: 0.31356302
      objectReference: {fileID: 0}
    - target: {fileID: 8070777095303489636, guid: 7b10f0ee64fd9054e8f12faf0fcd63d2, type: 3}
      propertyPath: m_LocalScale.z
      value: 0.31356308
      objectReference: {fileID: 0}
    - target: {fileID: 8070777095303489636, guid: 7b10f0ee64fd9054e8f12faf0fcd63d2, type: 3}
      propertyPath: m_LocalPosition.x
      value: -0.8133583
      objectReference: {fileID: 0}
    - target: {fileID: 8070777095303489636, guid: 7b10f0ee64fd9054e8f12faf0fcd63d2, type: 3}
      propertyPath: m_LocalPosition.y
      value: 0.30300006
      objectReference: {fileID: 0}
    - target: {fileID: 8070777095303489636, guid: 7b10f0ee64fd9054e8f12faf0fcd63d2, type: 3}
      propertyPath: m_LocalPosition.z
      value: -3.4794693
      objectReference: {fileID: 0}
    - target: {fileID: 8070777095303489636, guid: 7b10f0ee64fd9054e8f12faf0fcd63d2, type: 3}
      propertyPath: m_LocalRotation.w
      value: 0.9013605
      objectReference: {fileID: 0}
    - target: {fileID: 8070777095303489636, guid: 7b10f0ee64fd9054e8f12faf0fcd63d2, type: 3}
      propertyPath: m_LocalRotation.x
      value: -0
      objectReference: {fileID: 0}
    - target: {fileID: 8070777095303489636, guid: 7b10f0ee64fd9054e8f12faf0fcd63d2, type: 3}
      propertyPath: m_LocalRotation.y
      value: -0.4330696
      objectReference: {fileID: 0}
    - target: {fileID: 8070777095303489636, guid: 7b10f0ee64fd9054e8f12faf0fcd63d2, type: 3}
      propertyPath: m_LocalRotation.z
      value: -0
      objectReference: {fileID: 0}
    - target: {fileID: 8070777095303489636, guid: 7b10f0ee64fd9054e8f12faf0fcd63d2, type: 3}
      propertyPath: m_LocalEulerAnglesHint.x
      value: 0
      objectReference: {fileID: 0}
    - target: {fileID: 8070777095303489636, guid: 7b10f0ee64fd9054e8f12faf0fcd63d2, type: 3}
      propertyPath: m_LocalEulerAnglesHint.y
      value: -51.325
      objectReference: {fileID: 0}
    - target: {fileID: 8070777095303489636, guid: 7b10f0ee64fd9054e8f12faf0fcd63d2, type: 3}
      propertyPath: m_LocalEulerAnglesHint.z
      value: 0
      objectReference: {fileID: 0}
    m_RemovedComponents: []
  m_SourcePrefab: {fileID: 100100000, guid: 7b10f0ee64fd9054e8f12faf0fcd63d2, type: 3}
--- !u!4 &2463281031837587852 stripped
Transform:
  m_CorrespondingSourceObject: {fileID: 8070777095303489636, guid: 7b10f0ee64fd9054e8f12faf0fcd63d2, type: 3}
  m_PrefabInstance: {fileID: 5921806958642295272}
  m_PrefabAsset: {fileID: 0}
--- !u!1001 &5921806958774884205
PrefabInstance:
  m_ObjectHideFlags: 0
  serializedVersion: 2
  m_Modification:
    m_TransformParent: {fileID: 4027825068999332414}
    m_Modifications:
    - target: {fileID: 2109336336410020582, guid: 9e8169dc2b7574742a11b82a25c0c2b0, type: 3}
      propertyPath: m_RootOrder
      value: 8
      objectReference: {fileID: 0}
    - target: {fileID: 2109336336410020582, guid: 9e8169dc2b7574742a11b82a25c0c2b0, type: 3}
      propertyPath: m_LocalPosition.x
      value: 0.06799698
      objectReference: {fileID: 0}
    - target: {fileID: 2109336336410020582, guid: 9e8169dc2b7574742a11b82a25c0c2b0, type: 3}
      propertyPath: m_LocalPosition.y
      value: 0.163
      objectReference: {fileID: 0}
    - target: {fileID: 2109336336410020582, guid: 9e8169dc2b7574742a11b82a25c0c2b0, type: 3}
      propertyPath: m_LocalPosition.z
      value: -3.102005
      objectReference: {fileID: 0}
    - target: {fileID: 2109336336410020582, guid: 9e8169dc2b7574742a11b82a25c0c2b0, type: 3}
      propertyPath: m_LocalRotation.w
      value: 1
      objectReference: {fileID: 0}
    - target: {fileID: 2109336336410020582, guid: 9e8169dc2b7574742a11b82a25c0c2b0, type: 3}
      propertyPath: m_LocalRotation.x
      value: -0
      objectReference: {fileID: 0}
    - target: {fileID: 2109336336410020582, guid: 9e8169dc2b7574742a11b82a25c0c2b0, type: 3}
      propertyPath: m_LocalRotation.y
      value: -0
      objectReference: {fileID: 0}
    - target: {fileID: 2109336336410020582, guid: 9e8169dc2b7574742a11b82a25c0c2b0, type: 3}
      propertyPath: m_LocalRotation.z
      value: -0
      objectReference: {fileID: 0}
    - target: {fileID: 2109336336410020582, guid: 9e8169dc2b7574742a11b82a25c0c2b0, type: 3}
      propertyPath: m_LocalEulerAnglesHint.x
      value: 0
      objectReference: {fileID: 0}
    - target: {fileID: 2109336336410020582, guid: 9e8169dc2b7574742a11b82a25c0c2b0, type: 3}
      propertyPath: m_LocalEulerAnglesHint.y
      value: 0
      objectReference: {fileID: 0}
    - target: {fileID: 2109336336410020582, guid: 9e8169dc2b7574742a11b82a25c0c2b0, type: 3}
      propertyPath: m_LocalEulerAnglesHint.z
      value: 0
      objectReference: {fileID: 0}
    - target: {fileID: 2109336336410121926, guid: 9e8169dc2b7574742a11b82a25c0c2b0, type: 3}
      propertyPath: m_Name
      value: plant_pumpkin_S2
      objectReference: {fileID: 0}
    - target: {fileID: 2109336336410121926, guid: 9e8169dc2b7574742a11b82a25c0c2b0, type: 3}
      propertyPath: m_StaticEditorFlags
      value: 2147483647
      objectReference: {fileID: 0}
    m_RemovedComponents: []
  m_SourcePrefab: {fileID: 100100000, guid: 9e8169dc2b7574742a11b82a25c0c2b0, type: 3}
--- !u!4 &5722846100788714891 stripped
Transform:
  m_CorrespondingSourceObject: {fileID: 2109336336410020582, guid: 9e8169dc2b7574742a11b82a25c0c2b0, type: 3}
  m_PrefabInstance: {fileID: 5921806958774884205}
  m_PrefabAsset: {fileID: 0}
--- !u!1001 &5921806958786896198
PrefabInstance:
  m_ObjectHideFlags: 0
  serializedVersion: 2
  m_Modification:
    m_TransformParent: {fileID: 4027825068999332414}
    m_Modifications:
    - target: {fileID: 3542036756704775220, guid: ff7669bc2808c7e44b82fe237a198b04, type: 3}
      propertyPath: m_Name
      value: plant_pumpkin (5)
      objectReference: {fileID: 0}
    - target: {fileID: 3542036756704775220, guid: ff7669bc2808c7e44b82fe237a198b04, type: 3}
      propertyPath: m_StaticEditorFlags
      value: 2147483647
      objectReference: {fileID: 0}
    - target: {fileID: 3542036756704808980, guid: ff7669bc2808c7e44b82fe237a198b04, type: 3}
      propertyPath: m_RootOrder
      value: 17
      objectReference: {fileID: 0}
    - target: {fileID: 3542036756704808980, guid: ff7669bc2808c7e44b82fe237a198b04, type: 3}
      propertyPath: m_LocalPosition.x
      value: -1.057003
      objectReference: {fileID: 0}
    - target: {fileID: 3542036756704808980, guid: ff7669bc2808c7e44b82fe237a198b04, type: 3}
      propertyPath: m_LocalPosition.y
      value: 0.0010000141
      objectReference: {fileID: 0}
    - target: {fileID: 3542036756704808980, guid: ff7669bc2808c7e44b82fe237a198b04, type: 3}
      propertyPath: m_LocalPosition.z
      value: 0.69599915
      objectReference: {fileID: 0}
    - target: {fileID: 3542036756704808980, guid: ff7669bc2808c7e44b82fe237a198b04, type: 3}
      propertyPath: m_LocalRotation.w
      value: 0.64677095
      objectReference: {fileID: 0}
    - target: {fileID: 3542036756704808980, guid: ff7669bc2808c7e44b82fe237a198b04, type: 3}
      propertyPath: m_LocalRotation.x
      value: -0
      objectReference: {fileID: 0}
    - target: {fileID: 3542036756704808980, guid: ff7669bc2808c7e44b82fe237a198b04, type: 3}
      propertyPath: m_LocalRotation.y
      value: -0.76268435
      objectReference: {fileID: 0}
    - target: {fileID: 3542036756704808980, guid: ff7669bc2808c7e44b82fe237a198b04, type: 3}
      propertyPath: m_LocalRotation.z
      value: -0
      objectReference: {fileID: 0}
    - target: {fileID: 3542036756704808980, guid: ff7669bc2808c7e44b82fe237a198b04, type: 3}
      propertyPath: m_LocalEulerAnglesHint.x
      value: 0
      objectReference: {fileID: 0}
    - target: {fileID: 3542036756704808980, guid: ff7669bc2808c7e44b82fe237a198b04, type: 3}
      propertyPath: m_LocalEulerAnglesHint.y
      value: -99.40301
      objectReference: {fileID: 0}
    - target: {fileID: 3542036756704808980, guid: ff7669bc2808c7e44b82fe237a198b04, type: 3}
      propertyPath: m_LocalEulerAnglesHint.z
      value: 0
      objectReference: {fileID: 0}
    m_RemovedComponents: []
  m_SourcePrefab: {fileID: 100100000, guid: ff7669bc2808c7e44b82fe237a198b04, type: 3}
--- !u!4 &7136423806048514386 stripped
Transform:
  m_CorrespondingSourceObject: {fileID: 3542036756704808980, guid: ff7669bc2808c7e44b82fe237a198b04, type: 3}
  m_PrefabInstance: {fileID: 5921806958786896198}
  m_PrefabAsset: {fileID: 0}
--- !u!1 &7136423806048808306 stripped
GameObject:
  m_CorrespondingSourceObject: {fileID: 3542036756704775220, guid: ff7669bc2808c7e44b82fe237a198b04, type: 3}
  m_PrefabInstance: {fileID: 5921806958786896198}
  m_PrefabAsset: {fileID: 0}
--- !u!54 &309683859890972175
Rigidbody:
  m_ObjectHideFlags: 0
  m_CorrespondingSourceObject: {fileID: 0}
  m_PrefabInstance: {fileID: 0}
  m_PrefabAsset: {fileID: 0}
  m_GameObject: {fileID: 7136423806048808306}
  serializedVersion: 2
  m_Mass: 1
  m_Drag: 0
  m_AngularDrag: 0.05
  m_UseGravity: 1
  m_IsKinematic: 0
  m_Interpolate: 0
  m_Constraints: 0
  m_CollisionDetection: 0
--- !u!1001 &5921806958788967760
PrefabInstance:
  m_ObjectHideFlags: 0
  serializedVersion: 2
  m_Modification:
    m_TransformParent: {fileID: 4027825068999332414}
    m_Modifications:
    - target: {fileID: 3542036756704775220, guid: ff7669bc2808c7e44b82fe237a198b04, type: 3}
      propertyPath: m_Name
      value: plant_pumpkin (4)
      objectReference: {fileID: 0}
    - target: {fileID: 3542036756704775220, guid: ff7669bc2808c7e44b82fe237a198b04, type: 3}
      propertyPath: m_StaticEditorFlags
      value: 2147483647
      objectReference: {fileID: 0}
    - target: {fileID: 3542036756704808980, guid: ff7669bc2808c7e44b82fe237a198b04, type: 3}
      propertyPath: m_RootOrder
      value: 16
      objectReference: {fileID: 0}
    - target: {fileID: 3542036756704808980, guid: ff7669bc2808c7e44b82fe237a198b04, type: 3}
      propertyPath: m_LocalPosition.x
      value: -0.7020035
      objectReference: {fileID: 0}
    - target: {fileID: 3542036756704808980, guid: ff7669bc2808c7e44b82fe237a198b04, type: 3}
      propertyPath: m_LocalPosition.y
      value: 0.0010000141
      objectReference: {fileID: 0}
    - target: {fileID: 3542036756704808980, guid: ff7669bc2808c7e44b82fe237a198b04, type: 3}
      propertyPath: m_LocalPosition.z
      value: 0.8959961
      objectReference: {fileID: 0}
    - target: {fileID: 3542036756704808980, guid: ff7669bc2808c7e44b82fe237a198b04, type: 3}
      propertyPath: m_LocalRotation.w
      value: 1
      objectReference: {fileID: 0}
    - target: {fileID: 3542036756704808980, guid: ff7669bc2808c7e44b82fe237a198b04, type: 3}
      propertyPath: m_LocalRotation.x
      value: -0
      objectReference: {fileID: 0}
    - target: {fileID: 3542036756704808980, guid: ff7669bc2808c7e44b82fe237a198b04, type: 3}
      propertyPath: m_LocalRotation.y
      value: -0
      objectReference: {fileID: 0}
    - target: {fileID: 3542036756704808980, guid: ff7669bc2808c7e44b82fe237a198b04, type: 3}
      propertyPath: m_LocalRotation.z
      value: -0
      objectReference: {fileID: 0}
    - target: {fileID: 3542036756704808980, guid: ff7669bc2808c7e44b82fe237a198b04, type: 3}
      propertyPath: m_LocalEulerAnglesHint.x
      value: 0
      objectReference: {fileID: 0}
    - target: {fileID: 3542036756704808980, guid: ff7669bc2808c7e44b82fe237a198b04, type: 3}
      propertyPath: m_LocalEulerAnglesHint.y
      value: 0
      objectReference: {fileID: 0}
    - target: {fileID: 3542036756704808980, guid: ff7669bc2808c7e44b82fe237a198b04, type: 3}
      propertyPath: m_LocalEulerAnglesHint.z
      value: 0
      objectReference: {fileID: 0}
    m_RemovedComponents: []
  m_SourcePrefab: {fileID: 100100000, guid: ff7669bc2808c7e44b82fe237a198b04, type: 3}
--- !u!4 &7136423806075743556 stripped
Transform:
  m_CorrespondingSourceObject: {fileID: 3542036756704808980, guid: ff7669bc2808c7e44b82fe237a198b04, type: 3}
  m_PrefabInstance: {fileID: 5921806958788967760}
  m_PrefabAsset: {fileID: 0}
--- !u!1 &7136423806076105060 stripped
GameObject:
  m_CorrespondingSourceObject: {fileID: 3542036756704775220, guid: ff7669bc2808c7e44b82fe237a198b04, type: 3}
  m_PrefabInstance: {fileID: 5921806958788967760}
  m_PrefabAsset: {fileID: 0}
--- !u!54 &309683860121775733
Rigidbody:
  m_ObjectHideFlags: 0
  m_CorrespondingSourceObject: {fileID: 0}
  m_PrefabInstance: {fileID: 0}
  m_PrefabAsset: {fileID: 0}
  m_GameObject: {fileID: 7136423806076105060}
  serializedVersion: 2
  m_Mass: 1
  m_Drag: 0
  m_AngularDrag: 0.05
  m_UseGravity: 1
  m_IsKinematic: 0
  m_Interpolate: 0
  m_Constraints: 0
  m_CollisionDetection: 0
--- !u!1001 &5921806958834316761
PrefabInstance:
  m_ObjectHideFlags: 0
  serializedVersion: 2
  m_Modification:
    m_TransformParent: {fileID: 4027825068999332414}
    m_Modifications:
    - target: {fileID: 8102508108083075883, guid: e943238ed00efa64389e34b6183070e8, type: 3}
      propertyPath: m_Name
      value: fruitBox_green (2)
      objectReference: {fileID: 0}
    - target: {fileID: 8102508108083103499, guid: e943238ed00efa64389e34b6183070e8, type: 3}
      propertyPath: m_RootOrder
      value: 24
      objectReference: {fileID: 0}
    - target: {fileID: 8102508108083103499, guid: e943238ed00efa64389e34b6183070e8, type: 3}
      propertyPath: m_LocalPosition.x
      value: -0.6452751
      objectReference: {fileID: 0}
    - target: {fileID: 8102508108083103499, guid: e943238ed00efa64389e34b6183070e8, type: 3}
      propertyPath: m_LocalPosition.y
      value: 0.24300003
      objectReference: {fileID: 0}
    - target: {fileID: 8102508108083103499, guid: e943238ed00efa64389e34b6183070e8, type: 3}
      propertyPath: m_LocalPosition.z
      value: -3.5856934
      objectReference: {fileID: 0}
    - target: {fileID: 8102508108083103499, guid: e943238ed00efa64389e34b6183070e8, type: 3}
      propertyPath: m_LocalRotation.w
      value: 0.000000020409402
      objectReference: {fileID: 0}
    - target: {fileID: 8102508108083103499, guid: e943238ed00efa64389e34b6183070e8, type: 3}
      propertyPath: m_LocalRotation.x
      value: 0.23340747
      objectReference: {fileID: 0}
    - target: {fileID: 8102508108083103499, guid: e943238ed00efa64389e34b6183070e8, type: 3}
      propertyPath: m_LocalRotation.y
      value: -0.000000026337794
      objectReference: {fileID: 0}
    - target: {fileID: 8102508108083103499, guid: e943238ed00efa64389e34b6183070e8, type: 3}
      propertyPath: m_LocalRotation.z
      value: -0.972379
      objectReference: {fileID: 0}
    - target: {fileID: 8102508108083103499, guid: e943238ed00efa64389e34b6183070e8, type: 3}
      propertyPath: m_LocalEulerAnglesHint.x
      value: 0
      objectReference: {fileID: 0}
    - target: {fileID: 8102508108083103499, guid: e943238ed00efa64389e34b6183070e8, type: 3}
      propertyPath: m_LocalEulerAnglesHint.y
      value: -26.996002
      objectReference: {fileID: 0}
    - target: {fileID: 8102508108083103499, guid: e943238ed00efa64389e34b6183070e8, type: 3}
      propertyPath: m_LocalEulerAnglesHint.z
      value: -180.00002
      objectReference: {fileID: 0}
    m_RemovedComponents: []
  m_SourcePrefab: {fileID: 100100000, guid: e943238ed00efa64389e34b6183070e8, type: 3}
--- !u!4 &2476865720013910738 stripped
Transform:
  m_CorrespondingSourceObject: {fileID: 8102508108083103499, guid: e943238ed00efa64389e34b6183070e8, type: 3}
  m_PrefabInstance: {fileID: 5921806958834316761}
  m_PrefabAsset: {fileID: 0}
--- !u!1001 &5921806958926829742
PrefabInstance:
  m_ObjectHideFlags: 0
  serializedVersion: 2
  m_Modification:
    m_TransformParent: {fileID: 4027825068999332414}
    m_Modifications:
    - target: {fileID: 7226417742137068447, guid: 23f18ff4de5fb434fa4236bb91fe04fa, type: 3}
      propertyPath: m_Name
      value: gardenPot08_B
      objectReference: {fileID: 0}
    - target: {fileID: 7226417742137431999, guid: 23f18ff4de5fb434fa4236bb91fe04fa, type: 3}
      propertyPath: m_RootOrder
      value: 23
      objectReference: {fileID: 0}
    - target: {fileID: 7226417742137431999, guid: 23f18ff4de5fb434fa4236bb91fe04fa, type: 3}
      propertyPath: m_LocalPosition.x
      value: -0.473629
      objectReference: {fileID: 0}
    - target: {fileID: 7226417742137431999, guid: 23f18ff4de5fb434fa4236bb91fe04fa, type: 3}
      propertyPath: m_LocalPosition.y
      value: 0.24300003
      objectReference: {fileID: 0}
    - target: {fileID: 7226417742137431999, guid: 23f18ff4de5fb434fa4236bb91fe04fa, type: 3}
      propertyPath: m_LocalPosition.z
      value: -3.7633057
      objectReference: {fileID: 0}
    - target: {fileID: 7226417742137431999, guid: 23f18ff4de5fb434fa4236bb91fe04fa, type: 3}
      propertyPath: m_LocalRotation.w
      value: 0.9013605
      objectReference: {fileID: 0}
    - target: {fileID: 7226417742137431999, guid: 23f18ff4de5fb434fa4236bb91fe04fa, type: 3}
      propertyPath: m_LocalRotation.x
      value: -0.0000000064532397
      objectReference: {fileID: 0}
    - target: {fileID: 7226417742137431999, guid: 23f18ff4de5fb434fa4236bb91fe04fa, type: 3}
      propertyPath: m_LocalRotation.y
      value: -0.4330696
      objectReference: {fileID: 0}
    - target: {fileID: 7226417742137431999, guid: 23f18ff4de5fb434fa4236bb91fe04fa, type: 3}
      propertyPath: m_LocalRotation.z
      value: 0.000000013431318
      objectReference: {fileID: 0}
    - target: {fileID: 7226417742137431999, guid: 23f18ff4de5fb434fa4236bb91fe04fa, type: 3}
      propertyPath: m_LocalEulerAnglesHint.x
      value: 0
      objectReference: {fileID: 0}
    - target: {fileID: 7226417742137431999, guid: 23f18ff4de5fb434fa4236bb91fe04fa, type: 3}
      propertyPath: m_LocalEulerAnglesHint.y
      value: -51.325
      objectReference: {fileID: 0}
    - target: {fileID: 7226417742137431999, guid: 23f18ff4de5fb434fa4236bb91fe04fa, type: 3}
      propertyPath: m_LocalEulerAnglesHint.z
      value: 0
      objectReference: {fileID: 0}
    m_RemovedComponents: []
  m_SourcePrefab: {fileID: 100100000, guid: 23f18ff4de5fb434fa4236bb91fe04fa, type: 3}
--- !u!4 &3920129127158091537 stripped
Transform:
  m_CorrespondingSourceObject: {fileID: 7226417742137431999, guid: 23f18ff4de5fb434fa4236bb91fe04fa, type: 3}
  m_PrefabInstance: {fileID: 5921806958926829742}
  m_PrefabAsset: {fileID: 0}
--- !u!1001 &5921806959049644742
PrefabInstance:
  m_ObjectHideFlags: 0
  serializedVersion: 2
  m_Modification:
    m_TransformParent: {fileID: 4027825068999332414}
    m_Modifications:
    - target: {fileID: 5005754246158617771, guid: 01396872e7222214388ecc9113372e52, type: 3}
      propertyPath: m_Name
      value: soil_3m_endL (2)
      objectReference: {fileID: 0}
    - target: {fileID: 5005754246159110283, guid: 01396872e7222214388ecc9113372e52, type: 3}
      propertyPath: m_RootOrder
      value: 2
      objectReference: {fileID: 0}
    - target: {fileID: 5005754246159110283, guid: 01396872e7222214388ecc9113372e52, type: 3}
      propertyPath: m_LocalPosition.x
      value: 0.0399971
      objectReference: {fileID: 0}
    - target: {fileID: 5005754246159110283, guid: 01396872e7222214388ecc9113372e52, type: 3}
      propertyPath: m_LocalPosition.y
      value: -0.009999993
      objectReference: {fileID: 0}
    - target: {fileID: 5005754246159110283, guid: 01396872e7222214388ecc9113372e52, type: 3}
      propertyPath: m_LocalPosition.z
      value: 1.9300003
      objectReference: {fileID: 0}
    - target: {fileID: 5005754246159110283, guid: 01396872e7222214388ecc9113372e52, type: 3}
      propertyPath: m_LocalRotation.w
      value: 0.00000041723246
      objectReference: {fileID: 0}
    - target: {fileID: 5005754246159110283, guid: 01396872e7222214388ecc9113372e52, type: 3}
      propertyPath: m_LocalRotation.x
      value: 0.000000014901163
      objectReference: {fileID: 0}
    - target: {fileID: 5005754246159110283, guid: 01396872e7222214388ecc9113372e52, type: 3}
      propertyPath: m_LocalRotation.y
      value: 1
      objectReference: {fileID: 0}
    - target: {fileID: 5005754246159110283, guid: 01396872e7222214388ecc9113372e52, type: 3}
      propertyPath: m_LocalRotation.z
      value: 7.1054265e-15
      objectReference: {fileID: 0}
    - target: {fileID: 5005754246159110283, guid: 01396872e7222214388ecc9113372e52, type: 3}
      propertyPath: m_LocalEulerAnglesHint.x
      value: 0
      objectReference: {fileID: 0}
    - target: {fileID: 5005754246159110283, guid: 01396872e7222214388ecc9113372e52, type: 3}
      propertyPath: m_LocalEulerAnglesHint.y
      value: 180.00002
      objectReference: {fileID: 0}
    - target: {fileID: 5005754246159110283, guid: 01396872e7222214388ecc9113372e52, type: 3}
      propertyPath: m_LocalEulerAnglesHint.z
      value: 0
      objectReference: {fileID: 0}
    m_RemovedComponents: []
  m_SourcePrefab: {fileID: 100100000, guid: 01396872e7222214388ecc9113372e52, type: 3}
--- !u!4 &1681671126392015437 stripped
Transform:
  m_CorrespondingSourceObject: {fileID: 5005754246159110283, guid: 01396872e7222214388ecc9113372e52, type: 3}
  m_PrefabInstance: {fileID: 5921806959049644742}
  m_PrefabAsset: {fileID: 0}
--- !u!1001 &5921806959094357126
PrefabInstance:
  m_ObjectHideFlags: 0
  serializedVersion: 2
  m_Modification:
    m_TransformParent: {fileID: 4027825068999332414}
    m_Modifications:
    - target: {fileID: 100002, guid: c9e1b09316bd90a49956c349819b2d98, type: 3}
      propertyPath: m_StaticEditorFlags
      value: 2147483647
      objectReference: {fileID: 0}
    - target: {fileID: 3372160506961064109, guid: c9e1b09316bd90a49956c349819b2d98, type: 3}
      propertyPath: m_RootOrder
      value: 6
      objectReference: {fileID: 0}
    - target: {fileID: 3372160506961064109, guid: c9e1b09316bd90a49956c349819b2d98, type: 3}
      propertyPath: m_LocalPosition.x
      value: 0.057994843
      objectReference: {fileID: 0}
    - target: {fileID: 3372160506961064109, guid: c9e1b09316bd90a49956c349819b2d98, type: 3}
      propertyPath: m_LocalPosition.y
      value: 0.16431165
      objectReference: {fileID: 0}
    - target: {fileID: 3372160506961064109, guid: c9e1b09316bd90a49956c349819b2d98, type: 3}
      propertyPath: m_LocalPosition.z
      value: 3.1969986
      objectReference: {fileID: 0}
    - target: {fileID: 3372160506961064109, guid: c9e1b09316bd90a49956c349819b2d98, type: 3}
      propertyPath: m_LocalRotation.w
      value: 1
      objectReference: {fileID: 0}
    - target: {fileID: 3372160506961064109, guid: c9e1b09316bd90a49956c349819b2d98, type: 3}
      propertyPath: m_LocalRotation.x
      value: -0
      objectReference: {fileID: 0}
    - target: {fileID: 3372160506961064109, guid: c9e1b09316bd90a49956c349819b2d98, type: 3}
      propertyPath: m_LocalRotation.y
      value: -0
      objectReference: {fileID: 0}
    - target: {fileID: 3372160506961064109, guid: c9e1b09316bd90a49956c349819b2d98, type: 3}
      propertyPath: m_LocalRotation.z
      value: -0
      objectReference: {fileID: 0}
    - target: {fileID: 3372160506961064109, guid: c9e1b09316bd90a49956c349819b2d98, type: 3}
      propertyPath: m_LocalEulerAnglesHint.x
      value: 0
      objectReference: {fileID: 0}
    - target: {fileID: 3372160506961064109, guid: c9e1b09316bd90a49956c349819b2d98, type: 3}
      propertyPath: m_LocalEulerAnglesHint.y
      value: 0
      objectReference: {fileID: 0}
    - target: {fileID: 3372160506961064109, guid: c9e1b09316bd90a49956c349819b2d98, type: 3}
      propertyPath: m_LocalEulerAnglesHint.z
      value: 0
      objectReference: {fileID: 0}
    - target: {fileID: 3372160506961095821, guid: c9e1b09316bd90a49956c349819b2d98, type: 3}
      propertyPath: m_Name
      value: plant_pumpkin_S4
      objectReference: {fileID: 0}
    - target: {fileID: 3372160506961095821, guid: c9e1b09316bd90a49956c349819b2d98, type: 3}
      propertyPath: m_StaticEditorFlags
      value: 2147483647
      objectReference: {fileID: 0}
    m_RemovedComponents: []
  m_SourcePrefab: {fileID: 100100000, guid: c9e1b09316bd90a49956c349819b2d98, type: 3}
--- !u!4 &8998805654751849515 stripped
Transform:
  m_CorrespondingSourceObject: {fileID: 3372160506961064109, guid: c9e1b09316bd90a49956c349819b2d98, type: 3}
  m_PrefabInstance: {fileID: 5921806959094357126}
  m_PrefabAsset: {fileID: 0}
--- !u!1001 &5921806959138212063
PrefabInstance:
  m_ObjectHideFlags: 0
  serializedVersion: 2
  m_Modification:
    m_TransformParent: {fileID: 4027825068999332414}
    m_Modifications:
    - target: {fileID: 3866028440234260207, guid: f45af4be069da2a4e9c216e1c855cac0, type: 3}
      propertyPath: m_Name
      value: plant_cabbage_S1 (25)
      objectReference: {fileID: 0}
    - target: {fileID: 3866028440234260207, guid: f45af4be069da2a4e9c216e1c855cac0, type: 3}
      propertyPath: m_StaticEditorFlags
      value: 2147483647
      objectReference: {fileID: 0}
    - target: {fileID: 3866028440234748623, guid: f45af4be069da2a4e9c216e1c855cac0, type: 3}
      propertyPath: m_RootOrder
      value: 22
      objectReference: {fileID: 0}
    - target: {fileID: 3866028440234748623, guid: f45af4be069da2a4e9c216e1c855cac0, type: 3}
      propertyPath: m_LocalScale.x
      value: 0.24417631
      objectReference: {fileID: 0}
    - target: {fileID: 3866028440234748623, guid: f45af4be069da2a4e9c216e1c855cac0, type: 3}
      propertyPath: m_LocalScale.y
      value: 0.24417612
      objectReference: {fileID: 0}
    - target: {fileID: 3866028440234748623, guid: f45af4be069da2a4e9c216e1c855cac0, type: 3}
      propertyPath: m_LocalScale.z
      value: 0.24417631
      objectReference: {fileID: 0}
    - target: {fileID: 3866028440234748623, guid: f45af4be069da2a4e9c216e1c855cac0, type: 3}
      propertyPath: m_LocalPosition.x
      value: -0.47663116
      objectReference: {fileID: 0}
    - target: {fileID: 3866028440234748623, guid: f45af4be069da2a4e9c216e1c855cac0, type: 3}
      propertyPath: m_LocalPosition.y
      value: 0.3030001
      objectReference: {fileID: 0}
    - target: {fileID: 3866028440234748623, guid: f45af4be069da2a4e9c216e1c855cac0, type: 3}
      propertyPath: m_LocalPosition.z
      value: -3.7246552
      objectReference: {fileID: 0}
    - target: {fileID: 3866028440234748623, guid: f45af4be069da2a4e9c216e1c855cac0, type: 3}
      propertyPath: m_LocalRotation.w
      value: -0.2669542
      objectReference: {fileID: 0}
    - target: {fileID: 3866028440234748623, guid: f45af4be069da2a4e9c216e1c855cac0, type: 3}
      propertyPath: m_LocalRotation.x
      value: -0
      objectReference: {fileID: 0}
    - target: {fileID: 3866028440234748623, guid: f45af4be069da2a4e9c216e1c855cac0, type: 3}
      propertyPath: m_LocalRotation.y
      value: -0.96370924
      objectReference: {fileID: 0}
    - target: {fileID: 3866028440234748623, guid: f45af4be069da2a4e9c216e1c855cac0, type: 3}
      propertyPath: m_LocalRotation.z
      value: -0
      objectReference: {fileID: 0}
    - target: {fileID: 3866028440234748623, guid: f45af4be069da2a4e9c216e1c855cac0, type: 3}
      propertyPath: m_LocalEulerAnglesHint.x
      value: 0
      objectReference: {fileID: 0}
    - target: {fileID: 3866028440234748623, guid: f45af4be069da2a4e9c216e1c855cac0, type: 3}
      propertyPath: m_LocalEulerAnglesHint.y
      value: -210.96599
      objectReference: {fileID: 0}
    - target: {fileID: 3866028440234748623, guid: f45af4be069da2a4e9c216e1c855cac0, type: 3}
      propertyPath: m_LocalEulerAnglesHint.z
      value: 0
      objectReference: {fileID: 0}
    m_RemovedComponents: []
  m_SourcePrefab: {fileID: 100100000, guid: f45af4be069da2a4e9c216e1c855cac0, type: 3}
--- !u!4 &7460380389482258960 stripped
Transform:
  m_CorrespondingSourceObject: {fileID: 3866028440234748623, guid: f45af4be069da2a4e9c216e1c855cac0, type: 3}
  m_PrefabInstance: {fileID: 5921806959138212063}
  m_PrefabAsset: {fileID: 0}
--- !u!1001 &5921806959184919267
PrefabInstance:
  m_ObjectHideFlags: 0
  serializedVersion: 2
  m_Modification:
    m_TransformParent: {fileID: 4027825068999332414}
    m_Modifications:
    - target: {fileID: 5680576054426159697, guid: 66c0feea7f5dee243abd4f87b46b3783, type: 3}
      propertyPath: m_Name
      value: trellis06
      objectReference: {fileID: 0}
    - target: {fileID: 5680576054426523249, guid: 66c0feea7f5dee243abd4f87b46b3783, type: 3}
      propertyPath: m_RootOrder
      value: 3
      objectReference: {fileID: 0}
    - target: {fileID: 5680576054426523249, guid: 66c0feea7f5dee243abd4f87b46b3783, type: 3}
      propertyPath: m_LocalPosition.x
      value: -0.2610054
      objectReference: {fileID: 0}
    - target: {fileID: 5680576054426523249, guid: 66c0feea7f5dee243abd4f87b46b3783, type: 3}
      propertyPath: m_LocalPosition.y
      value: -0.001999992
      objectReference: {fileID: 0}
    - target: {fileID: 5680576054426523249, guid: 66c0feea7f5dee243abd4f87b46b3783, type: 3}
      propertyPath: m_LocalPosition.z
      value: 2.6763916
      objectReference: {fileID: 0}
    - target: {fileID: 5680576054426523249, guid: 66c0feea7f5dee243abd4f87b46b3783, type: 3}
      propertyPath: m_LocalRotation.w
      value: 1
      objectReference: {fileID: 0}
    - target: {fileID: 5680576054426523249, guid: 66c0feea7f5dee243abd4f87b46b3783, type: 3}
      propertyPath: m_LocalRotation.x
      value: -0
      objectReference: {fileID: 0}
    - target: {fileID: 5680576054426523249, guid: 66c0feea7f5dee243abd4f87b46b3783, type: 3}
      propertyPath: m_LocalRotation.y
      value: -0
      objectReference: {fileID: 0}
    - target: {fileID: 5680576054426523249, guid: 66c0feea7f5dee243abd4f87b46b3783, type: 3}
      propertyPath: m_LocalRotation.z
      value: 0.000000014901161
      objectReference: {fileID: 0}
    - target: {fileID: 5680576054426523249, guid: 66c0feea7f5dee243abd4f87b46b3783, type: 3}
      propertyPath: m_LocalEulerAnglesHint.x
      value: 0
      objectReference: {fileID: 0}
    - target: {fileID: 5680576054426523249, guid: 66c0feea7f5dee243abd4f87b46b3783, type: 3}
      propertyPath: m_LocalEulerAnglesHint.y
      value: 0
      objectReference: {fileID: 0}
    - target: {fileID: 5680576054426523249, guid: 66c0feea7f5dee243abd4f87b46b3783, type: 3}
      propertyPath: m_LocalEulerAnglesHint.z
      value: 0
      objectReference: {fileID: 0}
    m_RemovedComponents: []
  m_SourcePrefab: {fileID: 100100000, guid: 66c0feea7f5dee243abd4f87b46b3783, type: 3}
--- !u!4 &2088273705414814866 stripped
Transform:
  m_CorrespondingSourceObject: {fileID: 5680576054426523249, guid: 66c0feea7f5dee243abd4f87b46b3783, type: 3}
  m_PrefabInstance: {fileID: 5921806959184919267}
  m_PrefabAsset: {fileID: 0}
--- !u!1001 &5921806959295952900
PrefabInstance:
  m_ObjectHideFlags: 0
  serializedVersion: 2
  m_Modification:
    m_TransformParent: {fileID: 4027825068999332414}
    m_Modifications:
    - target: {fileID: 100002, guid: c075773a0ce65774192e7ca3e62361dc, type: 3}
      propertyPath: m_StaticEditorFlags
      value: 2147483647
      objectReference: {fileID: 0}
    - target: {fileID: 1759991026519421216, guid: c075773a0ce65774192e7ca3e62361dc, type: 3}
      propertyPath: m_RootOrder
      value: 7
      objectReference: {fileID: 0}
    - target: {fileID: 1759991026519421216, guid: c075773a0ce65774192e7ca3e62361dc, type: 3}
      propertyPath: m_LocalPosition.x
      value: 0.2009964
      objectReference: {fileID: 0}
    - target: {fileID: 1759991026519421216, guid: c075773a0ce65774192e7ca3e62361dc, type: 3}
      propertyPath: m_LocalPosition.y
      value: 0.156
      objectReference: {fileID: 0}
    - target: {fileID: 1759991026519421216, guid: c075773a0ce65774192e7ca3e62361dc, type: 3}
      propertyPath: m_LocalPosition.z
      value: -2.2090225
      objectReference: {fileID: 0}
    - target: {fileID: 1759991026519421216, guid: c075773a0ce65774192e7ca3e62361dc, type: 3}
      propertyPath: m_LocalRotation.w
      value: 1
      objectReference: {fileID: 0}
    - target: {fileID: 1759991026519421216, guid: c075773a0ce65774192e7ca3e62361dc, type: 3}
      propertyPath: m_LocalRotation.x
      value: -0
      objectReference: {fileID: 0}
    - target: {fileID: 1759991026519421216, guid: c075773a0ce65774192e7ca3e62361dc, type: 3}
      propertyPath: m_LocalRotation.y
      value: -0
      objectReference: {fileID: 0}
    - target: {fileID: 1759991026519421216, guid: c075773a0ce65774192e7ca3e62361dc, type: 3}
      propertyPath: m_LocalRotation.z
      value: -0
      objectReference: {fileID: 0}
    - target: {fileID: 1759991026519421216, guid: c075773a0ce65774192e7ca3e62361dc, type: 3}
      propertyPath: m_LocalEulerAnglesHint.x
      value: 0
      objectReference: {fileID: 0}
    - target: {fileID: 1759991026519421216, guid: c075773a0ce65774192e7ca3e62361dc, type: 3}
      propertyPath: m_LocalEulerAnglesHint.y
      value: 0
      objectReference: {fileID: 0}
    - target: {fileID: 1759991026519421216, guid: c075773a0ce65774192e7ca3e62361dc, type: 3}
      propertyPath: m_LocalEulerAnglesHint.z
      value: 0
      objectReference: {fileID: 0}
    - target: {fileID: 1759991026519846144, guid: c075773a0ce65774192e7ca3e62361dc, type: 3}
      propertyPath: m_Name
      value: plant_pumpkin_S3
      objectReference: {fileID: 0}
    - target: {fileID: 1759991026519846144, guid: c075773a0ce65774192e7ca3e62361dc, type: 3}
      propertyPath: m_StaticEditorFlags
      value: 2147483647
      objectReference: {fileID: 0}
    m_RemovedComponents: []
  m_SourcePrefab: {fileID: 100100000, guid: c075773a0ce65774192e7ca3e62361dc, type: 3}
--- !u!4 &5351053224203110692 stripped
Transform:
  m_CorrespondingSourceObject: {fileID: 1759991026519421216, guid: c075773a0ce65774192e7ca3e62361dc, type: 3}
  m_PrefabInstance: {fileID: 5921806959295952900}
  m_PrefabAsset: {fileID: 0}
--- !u!1001 &5921806959432897471
PrefabInstance:
  m_ObjectHideFlags: 0
  serializedVersion: 2
  m_Modification:
    m_TransformParent: {fileID: 4027825068999332414}
    m_Modifications:
    - target: {fileID: 100002, guid: c075773a0ce65774192e7ca3e62361dc, type: 3}
      propertyPath: m_StaticEditorFlags
      value: 2147483647
      objectReference: {fileID: 0}
    - target: {fileID: 1759991026519421216, guid: c075773a0ce65774192e7ca3e62361dc, type: 3}
      propertyPath: m_RootOrder
      value: 10
      objectReference: {fileID: 0}
    - target: {fileID: 1759991026519421216, guid: c075773a0ce65774192e7ca3e62361dc, type: 3}
      propertyPath: m_LocalPosition.x
      value: 0.1329956
      objectReference: {fileID: 0}
    - target: {fileID: 1759991026519421216, guid: c075773a0ce65774192e7ca3e62361dc, type: 3}
      propertyPath: m_LocalPosition.y
      value: 0.156
      objectReference: {fileID: 0}
    - target: {fileID: 1759991026519421216, guid: c075773a0ce65774192e7ca3e62361dc, type: 3}
      propertyPath: m_LocalPosition.z
      value: 2.2109756
      objectReference: {fileID: 0}
    - target: {fileID: 1759991026519421216, guid: c075773a0ce65774192e7ca3e62361dc, type: 3}
      propertyPath: m_LocalRotation.w
      value: 0.029701374
      objectReference: {fileID: 0}
    - target: {fileID: 1759991026519421216, guid: c075773a0ce65774192e7ca3e62361dc, type: 3}
      propertyPath: m_LocalRotation.x
      value: -0
      objectReference: {fileID: 0}
    - target: {fileID: 1759991026519421216, guid: c075773a0ce65774192e7ca3e62361dc, type: 3}
      propertyPath: m_LocalRotation.y
      value: 0.99955887
      objectReference: {fileID: 0}
    - target: {fileID: 1759991026519421216, guid: c075773a0ce65774192e7ca3e62361dc, type: 3}
      propertyPath: m_LocalRotation.z
      value: -0
      objectReference: {fileID: 0}
    - target: {fileID: 1759991026519421216, guid: c075773a0ce65774192e7ca3e62361dc, type: 3}
      propertyPath: m_LocalEulerAnglesHint.x
      value: 0
      objectReference: {fileID: 0}
    - target: {fileID: 1759991026519421216, guid: c075773a0ce65774192e7ca3e62361dc, type: 3}
      propertyPath: m_LocalEulerAnglesHint.y
      value: 176.59601
      objectReference: {fileID: 0}
    - target: {fileID: 1759991026519421216, guid: c075773a0ce65774192e7ca3e62361dc, type: 3}
      propertyPath: m_LocalEulerAnglesHint.z
      value: 0
      objectReference: {fileID: 0}
    - target: {fileID: 1759991026519846144, guid: c075773a0ce65774192e7ca3e62361dc, type: 3}
      propertyPath: m_Name
      value: plant_pumpkin_S3 (4)
      objectReference: {fileID: 0}
    - target: {fileID: 1759991026519846144, guid: c075773a0ce65774192e7ca3e62361dc, type: 3}
      propertyPath: m_StaticEditorFlags
      value: 2147483647
      objectReference: {fileID: 0}
    m_RemovedComponents: []
  m_SourcePrefab: {fileID: 100100000, guid: c075773a0ce65774192e7ca3e62361dc, type: 3}
--- !u!4 &5351053224340071071 stripped
Transform:
  m_CorrespondingSourceObject: {fileID: 1759991026519421216, guid: c075773a0ce65774192e7ca3e62361dc, type: 3}
  m_PrefabInstance: {fileID: 5921806959432897471}
  m_PrefabAsset: {fileID: 0}
--- !u!1001 &5921806959432992178
PrefabInstance:
  m_ObjectHideFlags: 0
  serializedVersion: 2
  m_Modification:
    m_TransformParent: {fileID: 4027825068999332414}
    m_Modifications:
    - target: {fileID: 3866028440234260207, guid: f45af4be069da2a4e9c216e1c855cac0, type: 3}
      propertyPath: m_Name
      value: plant_cabbage_S1 (21)
      objectReference: {fileID: 0}
    - target: {fileID: 3866028440234260207, guid: f45af4be069da2a4e9c216e1c855cac0, type: 3}
      propertyPath: m_StaticEditorFlags
      value: 2147483647
      objectReference: {fileID: 0}
    - target: {fileID: 3866028440234748623, guid: f45af4be069da2a4e9c216e1c855cac0, type: 3}
      propertyPath: m_RootOrder
      value: 21
      objectReference: {fileID: 0}
    - target: {fileID: 3866028440234748623, guid: f45af4be069da2a4e9c216e1c855cac0, type: 3}
      propertyPath: m_LocalScale.x
      value: 0.24417634
      objectReference: {fileID: 0}
    - target: {fileID: 3866028440234748623, guid: f45af4be069da2a4e9c216e1c855cac0, type: 3}
      propertyPath: m_LocalScale.y
      value: 0.24417612
      objectReference: {fileID: 0}
    - target: {fileID: 3866028440234748623, guid: f45af4be069da2a4e9c216e1c855cac0, type: 3}
      propertyPath: m_LocalScale.z
      value: 0.24417634
      objectReference: {fileID: 0}
    - target: {fileID: 3866028440234748623, guid: f45af4be069da2a4e9c216e1c855cac0, type: 3}
      propertyPath: m_LocalPosition.x
      value: -0.48509598
      objectReference: {fileID: 0}
    - target: {fileID: 3866028440234748623, guid: f45af4be069da2a4e9c216e1c855cac0, type: 3}
      propertyPath: m_LocalPosition.y
      value: 0.3030001
      objectReference: {fileID: 0}
    - target: {fileID: 3866028440234748623, guid: f45af4be069da2a4e9c216e1c855cac0, type: 3}
      propertyPath: m_LocalPosition.z
      value: -3.640335
      objectReference: {fileID: 0}
    - target: {fileID: 3866028440234748623, guid: f45af4be069da2a4e9c216e1c855cac0, type: 3}
      propertyPath: m_LocalRotation.w
      value: 0.5436555
      objectReference: {fileID: 0}
    - target: {fileID: 3866028440234748623, guid: f45af4be069da2a4e9c216e1c855cac0, type: 3}
      propertyPath: m_LocalRotation.x
      value: -0
      objectReference: {fileID: 0}
    - target: {fileID: 3866028440234748623, guid: f45af4be069da2a4e9c216e1c855cac0, type: 3}
      propertyPath: m_LocalRotation.y
      value: -0.8393085
      objectReference: {fileID: 0}
    - target: {fileID: 3866028440234748623, guid: f45af4be069da2a4e9c216e1c855cac0, type: 3}
      propertyPath: m_LocalRotation.z
      value: -0
      objectReference: {fileID: 0}
    - target: {fileID: 3866028440234748623, guid: f45af4be069da2a4e9c216e1c855cac0, type: 3}
      propertyPath: m_LocalEulerAnglesHint.x
      value: 0
      objectReference: {fileID: 0}
    - target: {fileID: 3866028440234748623, guid: f45af4be069da2a4e9c216e1c855cac0, type: 3}
      propertyPath: m_LocalEulerAnglesHint.y
      value: -114.134
      objectReference: {fileID: 0}
    - target: {fileID: 3866028440234748623, guid: f45af4be069da2a4e9c216e1c855cac0, type: 3}
      propertyPath: m_LocalEulerAnglesHint.z
      value: 0
      objectReference: {fileID: 0}
    m_RemovedComponents: []
  m_SourcePrefab: {fileID: 100100000, guid: f45af4be069da2a4e9c216e1c855cac0, type: 3}
--- !u!4 &7460380389187481469 stripped
Transform:
  m_CorrespondingSourceObject: {fileID: 3866028440234748623, guid: f45af4be069da2a4e9c216e1c855cac0, type: 3}
  m_PrefabInstance: {fileID: 5921806959432992178}
  m_PrefabAsset: {fileID: 0}
--- !u!1001 &5921806959466638559
PrefabInstance:
  m_ObjectHideFlags: 0
  serializedVersion: 2
  m_Modification:
    m_TransformParent: {fileID: 4027825068999332414}
    m_Modifications:
    - target: {fileID: 100002, guid: c075773a0ce65774192e7ca3e62361dc, type: 3}
      propertyPath: m_StaticEditorFlags
      value: 2147483647
      objectReference: {fileID: 0}
    - target: {fileID: 1759991026519421216, guid: c075773a0ce65774192e7ca3e62361dc, type: 3}
      propertyPath: m_RootOrder
      value: 11
      objectReference: {fileID: 0}
    - target: {fileID: 1759991026519421216, guid: c075773a0ce65774192e7ca3e62361dc, type: 3}
      propertyPath: m_LocalPosition.x
      value: 0.2029953
      objectReference: {fileID: 0}
    - target: {fileID: 1759991026519421216, guid: c075773a0ce65774192e7ca3e62361dc, type: 3}
      propertyPath: m_LocalPosition.y
      value: 0.14500001
      objectReference: {fileID: 0}
    - target: {fileID: 1759991026519421216, guid: c075773a0ce65774192e7ca3e62361dc, type: 3}
      propertyPath: m_LocalPosition.z
      value: 3.3969803
      objectReference: {fileID: 0}
    - target: {fileID: 1759991026519421216, guid: c075773a0ce65774192e7ca3e62361dc, type: 3}
      propertyPath: m_LocalRotation.w
      value: -0.013827032
      objectReference: {fileID: 0}
    - target: {fileID: 1759991026519421216, guid: c075773a0ce65774192e7ca3e62361dc, type: 3}
      propertyPath: m_LocalRotation.x
      value: 0.08673072
      objectReference: {fileID: 0}
    - target: {fileID: 1759991026519421216, guid: c075773a0ce65774192e7ca3e62361dc, type: 3}
      propertyPath: m_LocalRotation.y
      value: 0.9961351
      objectReference: {fileID: 0}
    - target: {fileID: 1759991026519421216, guid: c075773a0ce65774192e7ca3e62361dc, type: 3}
      propertyPath: m_LocalRotation.z
      value: -0.0012038813
      objectReference: {fileID: 0}
    - target: {fileID: 1759991026519421216, guid: c075773a0ce65774192e7ca3e62361dc, type: 3}
      propertyPath: m_LocalEulerAnglesHint.x
      value: 0
      objectReference: {fileID: 0}
    - target: {fileID: 1759991026519421216, guid: c075773a0ce65774192e7ca3e62361dc, type: 3}
      propertyPath: m_LocalEulerAnglesHint.y
      value: 181.59099
      objectReference: {fileID: 0}
    - target: {fileID: 1759991026519421216, guid: c075773a0ce65774192e7ca3e62361dc, type: 3}
      propertyPath: m_LocalEulerAnglesHint.z
      value: 9.952001
      objectReference: {fileID: 0}
    - target: {fileID: 1759991026519846144, guid: c075773a0ce65774192e7ca3e62361dc, type: 3}
      propertyPath: m_Name
      value: plant_pumpkin_S3 (5)
      objectReference: {fileID: 0}
    - target: {fileID: 1759991026519846144, guid: c075773a0ce65774192e7ca3e62361dc, type: 3}
      propertyPath: m_StaticEditorFlags
      value: 2147483647
      objectReference: {fileID: 0}
    m_RemovedComponents: []
  m_SourcePrefab: {fileID: 100100000, guid: c075773a0ce65774192e7ca3e62361dc, type: 3}
--- !u!4 &5351053224304532991 stripped
Transform:
  m_CorrespondingSourceObject: {fileID: 1759991026519421216, guid: c075773a0ce65774192e7ca3e62361dc, type: 3}
  m_PrefabInstance: {fileID: 5921806959466638559}
  m_PrefabAsset: {fileID: 0}
--- !u!1001 &5921806959536717420
PrefabInstance:
  m_ObjectHideFlags: 0
  serializedVersion: 2
  m_Modification:
    m_TransformParent: {fileID: 4027825068999332414}
    m_Modifications:
    - target: {fileID: 100002, guid: c075773a0ce65774192e7ca3e62361dc, type: 3}
      propertyPath: m_StaticEditorFlags
      value: 2147483647
      objectReference: {fileID: 0}
    - target: {fileID: 1759991026519421216, guid: c075773a0ce65774192e7ca3e62361dc, type: 3}
      propertyPath: m_RootOrder
      value: 13
      objectReference: {fileID: 0}
    - target: {fileID: 1759991026519421216, guid: c075773a0ce65774192e7ca3e62361dc, type: 3}
      propertyPath: m_LocalPosition.x
      value: 0.64899826
      objectReference: {fileID: 0}
    - target: {fileID: 1759991026519421216, guid: c075773a0ce65774192e7ca3e62361dc, type: 3}
      propertyPath: m_LocalPosition.y
      value: -0.10400001
      objectReference: {fileID: 0}
    - target: {fileID: 1759991026519421216, guid: c075773a0ce65774192e7ca3e62361dc, type: 3}
      propertyPath: m_LocalPosition.z
      value: 2.8899765
      objectReference: {fileID: 0}
    - target: {fileID: 1759991026519421216, guid: c075773a0ce65774192e7ca3e62361dc, type: 3}
      propertyPath: m_LocalRotation.w
      value: -0.63213027
      objectReference: {fileID: 0}
    - target: {fileID: 1759991026519421216, guid: c075773a0ce65774192e7ca3e62361dc, type: 3}
      propertyPath: m_LocalRotation.x
      value: 0.33806682
      objectReference: {fileID: 0}
    - target: {fileID: 1759991026519421216, guid: c075773a0ce65774192e7ca3e62361dc, type: 3}
      propertyPath: m_LocalRotation.y
      value: 0.61482203
      objectReference: {fileID: 0}
    - target: {fileID: 1759991026519421216, guid: c075773a0ce65774192e7ca3e62361dc, type: 3}
      propertyPath: m_LocalRotation.z
      value: 0.3288102
      objectReference: {fileID: 0}
    - target: {fileID: 1759991026519421216, guid: c075773a0ce65774192e7ca3e62361dc, type: 3}
      propertyPath: m_LocalEulerAnglesHint.x
      value: -56.276
      objectReference: {fileID: 0}
    - target: {fileID: 1759991026519421216, guid: c075773a0ce65774192e7ca3e62361dc, type: 3}
      propertyPath: m_LocalEulerAnglesHint.y
      value: 271.59
      objectReference: {fileID: 0}
    - target: {fileID: 1759991026519421216, guid: c075773a0ce65774192e7ca3e62361dc, type: 3}
      propertyPath: m_LocalEulerAnglesHint.z
      value: 0
      objectReference: {fileID: 0}
    - target: {fileID: 1759991026519846144, guid: c075773a0ce65774192e7ca3e62361dc, type: 3}
      propertyPath: m_Name
      value: plant_pumpkin_S3 (8)
      objectReference: {fileID: 0}
    - target: {fileID: 1759991026519846144, guid: c075773a0ce65774192e7ca3e62361dc, type: 3}
      propertyPath: m_StaticEditorFlags
      value: 2147483647
      objectReference: {fileID: 0}
    m_RemovedComponents: []
  m_SourcePrefab: {fileID: 100100000, guid: c075773a0ce65774192e7ca3e62361dc, type: 3}
--- !u!4 &5351053224492109644 stripped
Transform:
  m_CorrespondingSourceObject: {fileID: 1759991026519421216, guid: c075773a0ce65774192e7ca3e62361dc, type: 3}
  m_PrefabInstance: {fileID: 5921806959536717420}
  m_PrefabAsset: {fileID: 0}
